 Dungeon Crawl Stone Soup version 0.31-a0-358-gac0dbeb3ab (webtiles) character file.

Game seed: 16463339256273752656

78873 Shayle the Martial Artist (level 15, -14/140 HPs)
             Began as a Gnoll Shapeshifter on July 25, 2023.
             Was a Believer of Ashenzari.
             Demolished by a merfolk
             ... wielding a +0 trident
              (18 damage)
             ... on level 2 of the Shoals on July 26, 2023.
             The game lasted 01:31:19 (27305 turns).

Shayle the Martial Artist (Gnoll Shapeshifter)     Turns: 27305, Time: 01:31:20

Health: -14/140    AC: 10    Str: 20    XL:     15   Next: 61%
Magic:  29/29      EV: 15    Int: 18    God:    Ashenzari [**....]
Gold:   2128       SH:  5    Dex: 15    Spells: 30/34 levels left

rFire   . . .        K - melded +8 scimitar (flame)
rCold   . . .        (shield currently unavailable)
rNeg    + + .        b - melded +3 scale mail of Grace {Will++ Dex+5}
rPois   .            (helmet currently unavailable)
rElec   +            Q - melded +1 cloak
rCorr   .            v - melded +0 pair of gloves
SInv    +            I - melded +2 pair of boots
Will    +....        k - amulet of Ashenzari's Elitism {Reflect SH+5, Dev, Bglg} (curse)
Stlth   +++++        l - ring "Repose of Ashenzari" {rN+, Dev, Melee} (curse)
HPRegen 0.43/turn    h - ring of Desmomancy {rElec rN+ Int+6, Elem, Comp} (curse)
MPRegen 0.21/turn

%: reflection
@: snake-form
A: constrict, boosted hp, large, (fangs 1), strong nose, distributed training
a: Begin Untransformation, Renounce Religion, Curse Item, Shatter the Chains


You were on level 2 of the Shoals.
You worshipped Ashenzari.
Ashenzari was pleased with you.
You were an enormous anaconda.
You visited 5 branches of the dungeon, and saw 22 of its levels.
You also visited: Ice Cave.

You collected 3001 gold pieces.
You spent 873 gold pieces at shops.

Inventory:

Hand Weapons
 K - a +8 scimitar of flaming (melded)
Missiles
 s - 2 throwing nets
 t - 7 curare-tipped darts (quivered)
 V - 2 silver boomerangs
Armour
 b - the +3 scale mail of Grace (melded) {Will++ Dex+5}
   (You found it on level 1 of the Lair of Beasts)

   Dex:       It affects your dexterity (+5).
   Will:      It greatly increases your willpower.
 d - a +4 ring mail
 v - a +0 pair of gloves (melded)
 I - a +2 pair of boots (melded)
 J - a +2 robe of fire resistance
 Q - a +1 cloak (melded)
Jewellery
 h - the cursed ring of Desmomancy (right hand) {rElec rN+ Int+6, Elem, Comp}
   (You acquired it on level 9 of the Dungeon)

   [ring of intelligence]

   Int:       It affects your intelligence (+6).
   rElec:     It insulates you from electricity.
   rN:        It protects you from negative energy.
   It has a curse which improves the following skills: Elements: Fire Magic, Ice
   Magic, Air Magic and Earth Magic.
   Companions: Summonings and Necromancy.
 j - a ring of protection from cold
 k - the cursed amulet of Ashenzari's Elitism (around neck) {Reflect SH+5, Dev, Bglg}
   (You found it on level 2 of the Dungeon)

   [amulet of reflection]

   It reflects blocked missile attacks.
   SH:        It affects your SH (+5).
   It has a curse which improves the following skills: Devices: Evocations and
   Shapeshifting.
   Beguiling: Conjurations, Hexes and Translocations.
 l - the cursed ring "Repose of Ashenzari" (left hand) {rN+, Dev, Melee}
   (You found it on level 2 of the Dungeon)

   [ring of positive energy]

   rN:        It protects you from negative energy.
   It has a curse which improves the following skills: Devices: Evocations and
   Shapeshifting.
   Melee Combat: Short Blades, Long Blades, Axes, Maces & Flails, Polearms,
   Staves and Unarmed Combat.
 m - a +6 ring of intelligence
Talismans
 c - a beast talisman
 e - a serpent talisman
 L - a talisman of death
Wands
 H - a wand of digging (5)
 M - a wand of mindburst (9)
 P - a wand of polymorph (7)
 U - a wand of paralysis (6)
Scrolls
 a - 2 scrolls of immolation
 q - a scroll of amnesia
 u - a scroll of brand weapon
 w - 4 scrolls of fog
 x - 8 scrolls of teleportation
 y - a scroll of silence
 A - 3 scrolls of blinking
 C - 6 scrolls of poison
 G - 2 scrolls of vulnerability
Potions
 f - 4 potions of brilliance
 g - 2 potions of enlightenment
 i - 18 potions of curing
 n - 3 potions of haste
 o - 3 potions of mutation
 r - a potion of magic
 z - a potion of ambrosia
 B - 4 potions of berserk rage
 D - 2 potions of invisibility
 N - a potion of resistance
 O - 2 potions of might
Miscellaneous
 p - a condenser vane


   Skills:
 + Level 10.7 Fighting
 + Level 10.4(11.5) Short Blades
 + Level 10.4(11.5) Long Blades
 + Level 10.4(11.5) Axes
 + Level 10.4(11.5) Maces & Flails
 + Level 10.4(11.5) Polearms
 + Level 10.4(11.5) Staves
 + Level 10.4 Ranged Weapons
 + Level 10.4 Throwing
 + Level 10.4 Armour
 + Level 11.3 Dodging
 + Level 10.4 Stealth
 + Level 10.4 Shields
 + Level 12.2(13.3) Unarmed Combat
 + Level 10.4 Spellcasting
 + Level 8.7(9.9) Conjurations
 + Level 8.7(9.9) Hexes
 + Level 8.7(9.9) Summonings
 + Level 8.7(9.9) Necromancy
 + Level 8.7(9.9) Translocations
 + Level 8.7 Transmutations
 + Level 8.7(9.9) Fire Magic
 + Level 8.7(9.9) Ice Magic
 + Level 8.7(9.9) Air Magic
 + Level 8.7(9.9) Earth Magic
 + Level 8.7 Poison Magic
 + Level 11.3 Invocations
 + Level 10.4(12.1) Evocations
 + Level 10.9(12.6) Shapeshifting


You had 30 spell levels left.
You knew the following spells:

 Your Spells              Type           Power      Damage    Failure   Level
a - Passage of Golubria   Tloc           45%        N/A       1%          4

Your spell library contained the following spells:

 Spells                   Type           Power      Damage    Failure   Level
 Cigotuvi's Dreadful Rot  Necr/Pois/Air  86%        N/A       1%          2
 Ozocubu's Armour         Ice            45%        N/A       1%          3
 Tukima's Dance           Hex            45%        N/A       1%          3
 Dispel Undead            Necr           45%        3d17      1%          4
 Metabolic Englaciation   Hex/Ice        22%        N/A       3%          5
 Yara's Violent Unravell  Hex/Tmut       21%        3d10      4%          5
 Death Channel            Necr           22%        N/A       21%         6
 Simulacrum               Ice/Necr       22%        N/A       21%         6


Dungeon Overview and Level Annotations

Branches:
Dungeon (12/15)            Temple (1/1) D:6            Lair (5/5) D:8
 Shoals (2/4) Lair:2        Snake (0/4) Lair:3        Slime (0/5) Lair:4
    Orc (2/2) D:12            Elf (0/3) Orc:2         IceCv (visited)

Altars:
Ashenzari
Cheibriados
Dithmenos
Elyvilon
Fedhas
Gozag
Hepliaklqana
Kikubaaqudgha
Makhleb
Nemelex Xobeh
Okawaru
Qazlal
Ru
Sif Muna
Trog
Uskayaw
Vehumet
Wu Jian
Xom
Yredelemnul
Zin
The Shining One
Jiyva
Lugonu

Shops:
D:3 !   D:4 (!   D:5 [   Orc:2 [*!**

Portals:
Abyss: Lair:5

Annotations:
D:8 1 runed translucent door


Innate Abilities, Weirdness & Mutations

You are an enormous anaconda.
You have a powerful constriction melee attack.
Your maximum health is increased.
Your armour is entirely melded.
You are incapable of wielding weapons or throwing items.
((You have very sharp teeth.))
Your uncanny sense of smell can sniff out nearby items.
Your experience applies equally to all skills.


Message History

* * * LOW HITPOINT WARNING * * *
The silver sears you!
* * * LOW HITPOINT WARNING * * *
You feel better. The centaur warrior hits you!
* * * LOW HITPOINT WARNING * * *
The centaur warrior closely misses you.
The centaur warrior completely misses you.
The centaur warrior kicks you but does no damage.
The merfolk throws a silver boomerang.
The silver boomerang hits you!
* * * LOW HITPOINT WARNING * * *
The silver sears you!
* * * LOW HITPOINT WARNING * * *
Okay, then.
As you read the scroll of fog, it dissolves into smoke.
You block the centaur warrior's attack.
The centaur warrior kicks you but does no damage.
You feel better. The centaur warrior hits you!
* * * LOW HITPOINT WARNING * * *
The centaur warrior barely misses you. You block the centaur warrior's attack.
The centaur warrior kicks you but does no damage.
You body-slam the centaur warrior!!
You grab the centaur warrior.
The centaur warrior is heavily wounded.
You constrict the centaur warrior. The centaur warrior hits you!
* * * LOW HITPOINT WARNING * * *
The centaur warrior kicks you but does no damage.
You feel better.
You constrict the centaur warrior. You block the centaur warrior's attack.
The centaur warrior kicks you but does no damage.
The centaur warrior hits you but does no damage.
The centaur warrior kicks you but does no damage.
You body-slam the centaur warrior!!
The centaur warrior is almost dead.
You constrict the centaur warrior.
You kill the centaur warrior!
The merfolk closely misses you. The merfolk hits you with a +0 trident!
* * * LOW HITPOINT WARNING * * *
You closely miss the merfolk. You grab the merfolk. You constrict the merfolk.
The merfolk hits you with a +0 trident!!
You die...

, ........~~~~~≈≈≈≈≈#
≈≈≈≈≈≈≈..~~~~≈≈≈≈≈#
#####≈≈..~~~≈≈≈≈≈# , . ~
##≈...~~≈≈≈≈≈# .. ,
~~~{#≈...~~~≈≈≈≈# ,... , ~
#≈....~~≈≈≈≈# ~~~..~.m#
{#§§§§.~~≈≈≈≈# ~~~~.c≈≈##
{{##§m§§.~~≈≈≈≈#
~~~~~≈≈≈#####§§S§§~~~≈≈≈≈#
,...~~≈≈≈≈≈≈≈§§§§§~~~≈≈≈≈#
#..........§§§§§§~~~≈≈≈≈#
##.........§§§§§~~~~≈≈≈≈#
##...............~~~~≈≈≈≈#
.#................~~~~≈≈≈≈#
###...............~~~~≈≈≈≈#
#####............~~..~~≈≈≈#
..# #..........~~..~.~~≈≈≈#


You could see a merfolk.

Vanquished Creatures
  Jorgrun (Orc:1)
  3 ettins
  A merfolk impaler (Shoals:2)
  A yaktaur captain (D:12)
  An ice dragon (D:12)
  3 hydras
  A merfolk avatar (Shoals:1)
  Erica (D:9)
  2 centaur warriors
  8 boulder beetles
  4 death yaks (Lair:4)
  2 orc high priests (Orc:2)
  2 large abominations (Lair:5)
  2 thrashing horrors (Lair:5)
  A deep elf knight (D:12)
  Sonja (Lair:2)
  5 skysharks
  A sea snake (Shoals:1)
  A lindwurm (Lair:4)
  4 orc knights (Orc:2)
  4 orc sorcerers (Orc:2)
  5 ugly things
  4 manticores
  3 elephants (Lair:1)
  2 cyclopes (D:12)
  4 water nymphs
  Maurice (Orc:1)
  2 merfolk sirens (Shoals:2)
  2 gargoyles
  3 black mambas
  Maggie (D:7)
  A smoke demon (Lair:5)
  12 cane toads
  4 rime drakes
  9 komodo dragons
  2 unseen horrors (D:12)
  3 hornets
  9 merfolk
  Grinder (D:3)
  8 trolls
  2 polar bears (Lair:3)
  Prince Ribbit (D:7)
  3 wind drakes
  30 blink frogs
  2 raiju (Lair:5)
  2 snapping turtles
  5 dream sheep (Lair:5)
  A slime creature (D:12)
  10 small abominations (Lair:5)
  2 shadows
  2 spriggans (Lair:5)
  4 ynoxinuls (Lair:5)
  2 vampires
  A dire elephant simulacrum (IceCv)
  A water elemental (Shoals:1)
  2 wraiths (D:12)
  3 wyverns
  36 yaks
  6 vampire mosquitoes
  2 steam dragons
  Grum (D:11)
  5 basilisks
  A chaos spawn (Lair:5)
  Menkaure (D:6)
  2 wargs (Orc:2)
  2 acid dragons
  A two-headed ogre zombie (D:12)
  18 water moccasins
  Duvessa (D:6)
  3 ice beasts (D:6)
  22 orc warriors
  4 black bears
  A sky beast (D:7)
  A wolf (shapeshifter) (D:12)
  5 ogres
  18 wolves
  3 centaurs
  2 phantoms
  A gnoll sergeant (D:8)
  12 bullfrogs
  A scorpion (D:5)
  5 wights (D:8)
  Dowan (D:6)
  A troll zombie (D:12)
  4 elephant simulacra (IceCv)
  14 killer bees
  2 howler monkeys
  A jelly (D:6)
  A hound (D:5)
  13 orc priests
  29 orc wizards
  An iguana (D:7)
  Terence (D:3)
  4 hell rats (Lair:4)
  5 ogre zombies (D:12)
  4 gnolls (D:8)
  5 adders
  14 white imps
  An ufetubus (D:6)
  4 worms
  5 dart slugs
  54 orcs
  9 ball pythons
  10 bats
  4 endoplasms
  3 giant cockroaches
  8 goblins
  6 hobgoblins
  10 jackals
  8 kobolds
  4 quokkas
  6 frilled lizards
  3 goblin zombies (D:12)
  2 hobgoblin skeletons (D:12)
  6 hobgoblin zombies (D:12)
  2 orc skeletons (D:12)
  12 orc zombies (D:12)
  7 rats
616 creatures vanquished.

Notes
Turn   | Place    | Note
-------+----------+-------------------------------------------
     0 | D:1      | Shayle the Gnoll Shapeshifter began the quest for the Orb.
     0 | D:1      | Reached XP level 1. HP: 17/17 MP: 1/1
   239 | D:1      | Reached XP level 2. HP: 15/23 MP: 2/2
   515 | D:1      | Reached XP level 3. HP: 28/28 MP: 3/3
   896 | D:2      | Reached skill level 1 in Invocations
   973 | D:2      | Reached skill level 1 in Short Blades
   973 | D:2      | Reached skill level 1 in Long Blades
   973 | D:2      | Reached skill level 1 in Axes
   973 | D:2      | Reached skill level 1 in Maces & Flails
   973 | D:2      | Reached skill level 1 in Polearms
   973 | D:2      | Reached skill level 1 in Staves
   973 | D:2      | Reached skill level 1 in Ranged Weapons
   973 | D:2      | Reached skill level 1 in Throwing
   973 | D:2      | Reached skill level 1 in Armour
   973 | D:2      | Reached skill level 1 in Stealth
   973 | D:2      | Reached skill level 1 in Shields
   973 | D:2      | Reached skill level 1 in Spellcasting
   973 | D:2      | Reached skill level 1 in Evocations
  1028 | D:2      | Reached XP level 4. HP: 34/34 MP: 5/5
  1439 | D:3      | Reached skill level 1 in Conjurations
  1439 | D:3      | Reached skill level 1 in Hexes
  1439 | D:3      | Reached skill level 1 in Summonings
  1439 | D:3      | Reached skill level 1 in Necromancy
  1439 | D:3      | Reached skill level 1 in Translocations
  1439 | D:3      | Reached skill level 1 in Transmutations
  1439 | D:3      | Reached skill level 1 in Fire Magic
  1439 | D:3      | Reached skill level 1 in Ice Magic
  1439 | D:3      | Reached skill level 1 in Air Magic
  1439 | D:3      | Reached skill level 1 in Earth Magic
  1439 | D:3      | Reached skill level 1 in Poison Magic
  1452 | D:3      | Noticed Terence
  1473 | D:3      | Killed Terence
  1474 | D:3      | Reached XP level 5. HP: 33/40 MP: 5/7
  1795 | D:3      | Found Lukkovog's Distillery.
  1841 | D:3      | Bought 2 potions of curing for 84 gold pieces
  1987 | D:3      | Noticed Grinder
  1988 | D:3      | Found a faded altar of an unknown god.
  1996 | D:3      | Killed Grinder
  1997 | D:3      | Reached skill level 5 in Dodging
  1997 | D:3      | Reached XP level 6. HP: 47/47 MP: 7/9
  2280 | D:4      | Found Kuuchim's Distillery.
  2360 | D:4      | Bought a potion of heal wounds for 70 gold pieces
  2436 | D:4      | Reached XP level 7. HP: 52/52 MP: 10/10
  2500 | D:4      | Found Wiokago's Weapon Shop.
  2831 | D:4      | Reached skill level 7 in Unarmed Combat
  2921 | D:5      | Entered Level 5 of the Dungeon
  3017 | D:5      | Identified the +1 leather armour of the Robin {Regen+}
  3224 | D:5      | Found Anax Weo's Antique Armour Emporium.
  3275 | D:5      | Found an opulent altar of Gozag.
  3275 | D:5      | Found a shimmering blue altar of Sif Muna.
  3283 | D:5      | Found a stormy altar of Qazlal.
  3285 | D:5      | Found a faded altar of an unknown god.
  3287 | D:5      | Found a radiant altar of Vehumet.
  3416 | D:5      | Reached XP level 8. HP: 60/60 MP: 12/12
  3753 | D:6      | Noticed Duvessa
  3758 | D:6      | Noticed Dowan
  3765 | D:6      | Killed Duvessa
  3878 | D:6      | Found a staircase to the Ecumenical Temple.
  3941 | Temple   | Entered the Ecumenical Temple
  3949 | Temple   | Became a worshipper of Ashenzari the Shackled
  4238 | D:6      | Noticed Menkaure
  4243 | D:6      | Killed Menkaure
  4244 | D:6      | Reached XP level 9. HP: 66/66 MP: 14/14
  4283 | D:6      | Killed Dowan
  4735 | D:7      | Noticed Maggie
  4753 | D:7      | Killed Maggie
  4754 | D:7      | Reached skill level 5 in Fighting
  5144 | D:7      | Reached skill level 8 in Unarmed Combat
  5324 | D:7      | Noticed Prince Ribbit
  5346 | D:7      | Killed Prince Ribbit
  5349 | D:7      | Reached skill level 5 in Invocations
  5865 | D:8      | Found a white marble altar of Elyvilon.
  6291 | D:8      | Found a runed translucent door.
  6384 | D:8      | Found a staircase to the Lair.
  6486 | D:8      | Reached XP level 10. HP: 75/75 MP: 17/17
  6597 | D:8      | Reached skill level 5 in Short Blades
  6597 | D:8      | Reached skill level 5 in Long Blades
  6597 | D:8      | Reached skill level 5 in Axes
  6597 | D:8      | Reached skill level 5 in Maces & Flails
  6597 | D:8      | Reached skill level 5 in Polearms
  6597 | D:8      | Reached skill level 5 in Staves
  6597 | D:8      | Reached skill level 5 in Ranged Weapons
  6597 | D:8      | Reached skill level 5 in Throwing
  6597 | D:8      | Reached skill level 5 in Armour
  6597 | D:8      | Reached skill level 5 in Stealth
  6597 | D:8      | Reached skill level 5 in Shields
  6597 | D:8      | Reached skill level 5 in Spellcasting
  6597 | D:8      | Reached skill level 5 in Evocations
  6618 | D:9      | Reached * piety under Ashenzari
  6618 | D:9      | Identified a scroll of acquirement
  6619 | D:9      | Acquired the ring "Yzistoec" {rElec rN+ Int+6}
  6968 | D:9      | Noticed Erica
  6975 | D:9      | Killed Erica
  7109 | Lair:1   | Entered Level 1 of the Lair of Beasts
  7194 | Lair:1   | Paralysed by a hornet for 1 turns
  7346 | Lair:1   | Noticed a cane toad
  7425 | Lair:1   | Killed a cane toad
  7570 | Lair:1   | Noticed a cane toad
  7583 | Lair:1   | Killed a cane toad
  7703 | Lair:1   | Reached XP level 11. HP: 64/83 MP: 19/19
  7707 | Lair:1   | Reached skill level 9 in Unarmed Combat
  7708 | Lair:1   | Reached skill level 5 in Conjurations
  7708 | Lair:1   | Reached skill level 5 in Hexes
  7708 | Lair:1   | Reached skill level 5 in Summonings
  7708 | Lair:1   | Reached skill level 5 in Necromancy
  7708 | Lair:1   | Reached skill level 5 in Translocations
  7708 | Lair:1   | Reached skill level 5 in Transmutations
  7708 | Lair:1   | Reached skill level 5 in Fire Magic
  7708 | Lair:1   | Reached skill level 5 in Ice Magic
  7708 | Lair:1   | Reached skill level 5 in Air Magic
  7708 | Lair:1   | Reached skill level 5 in Earth Magic
  7708 | Lair:1   | Reached skill level 5 in Poison Magic
  7909 | Lair:1   | Noticed a boulder beetle
  7933 | Lair:1   | Killed a boulder beetle
  8203 | Lair:1   | Noticed a boulder beetle
  8213 | Lair:1   | Killed a boulder beetle
  8246 | Lair:1   | Identified the +3 scale mail of Grace {Will++ Dex+5}
  8943 | D:4      | Bought a potion of curing for 42 gold pieces
  8943 | D:4      | Bought a potion of curing for 42 gold pieces
  8943 | D:4      | Bought a potion of curing for 42 gold pieces
  8943 | D:4      | Bought 2 potions of heal wounds for 140 gold pieces
  8943 | D:4      | Bought a potion of invisibility for 112 gold pieces
  9292 | Lair:1   | Reached XP level 12. HP: 57/91 MP: 22/22
  9915 | Lair:1   | Acquired 968 gold pieces
 10590 | Lair:3   | Reached skill level 10 in Unarmed Combat
 10739 | Lair:2   | Noticed Sonja
 10770 | Lair:2   | Killed Sonja
 11673 | Lair:3   | Found a staircase to the Snake Pit.
 12166 | Lair:3   | Reached XP level 13. HP: 78/99 MP: 24/24
 13203 | Lair:4   | Found a viscous altar of Jiyva.
 13204 | Lair:4   | Found a staircase to the Slime Pits.
 14280 | Lair:5   | Entered Level 5 of the Lair of Beasts
 14407 | Lair:5   | Identified the +1 long sword of Ommytud {flame, rPois rN++
                  | MP-9}
 14449 | Lair:5   | Reached ** piety under Ashenzari
 15943 | D:10     | Entered Level 10 of the Dungeon
 16314 | D:11     | Reached skill level 10 in Dodging
 16314 | D:11     | Reached skill level 11 in Unarmed Combat
 16631 | D:11     | Identified the +0 ring mail of Fortification {rF+}
 16717 | D:10     | Noticed Grum
 16884 | D:11     | Killed Grum
 17306 | D:11     | Reached skill level 10 in Shapeshifting
 17432 | D:11     | Reached XP level 14. HP: 108/108 MP: 26/26
 17678 | D:12     | Found a frozen archway.
 17747 | IceCv    | Entered an ice cave
 17752 | IceCv    | Found a transporter.
 17935 | IceCv    | Found a transporter.
 17948 | IceCv    | Learned a level 4 spell: Passage of Golubria
 18227 | D:12     | Found a staircase to the Orcish Mines.
 18354 | D:12     | Noticed a stone giant
 18356 | D:12     | Reached skill level 10 in Invocations
 18385 | Orc:1    | Entered Level 1 of the Orcish Mines
 18986 | Orc:1    | Noticed Maurice
 18996 | Orc:1    | Found a shimmering blue altar of Sif Muna.
 19305 | Orc:1    | Noticed Jorgrun
 19322 | Orc:1    | Killed Jorgrun
 19330 | Orc:1    | Killed Maurice
 19623 | Orc:2    | Entered Level 2 of the Orcish Mines
 19638 | Orc:2    | Found Kihehum's Antique Armour Boutique.
 19765 | Orc:2    | Found a staircase to the Elven Halls.
 21255 | Orc:2    | Found Dacustreu's Distillery.
 21255 | Orc:2    | Found Hoast's General Store.
 21394 | Orc:2    | Found Cosehiro's Assorted Antiques.
 21394 | Orc:2    | Found Xaf Asmo's General Store.
 21417 | Orc:2    | Bought a potion of curing for 39 gold pieces
 21417 | Orc:2    | Bought a potion of curing for 39 gold pieces
 21419 | Orc:2    | Bought a scroll of enchant weapon for 127 gold pieces
 21419 | Orc:2    | Bought a potion of curing for 51 gold pieces
 21419 | Orc:2    | Bought a cabochon ring for 85 gold pieces
 21543 | D:12     | Reached skill level 10 in Fighting
 23560 | Lair:5   | Reached XP level 15. HP: 107/115 MP: 28/28
 23979 | Lair:5   | Reached skill level 10 in Short Blades
 23979 | Lair:5   | Reached skill level 10 in Long Blades
 23979 | Lair:5   | Reached skill level 10 in Axes
 23979 | Lair:5   | Reached skill level 10 in Maces & Flails
 23979 | Lair:5   | Reached skill level 10 in Polearms
 23979 | Lair:5   | Reached skill level 10 in Staves
 23979 | Lair:5   | Reached skill level 10 in Ranged Weapons
 23979 | Lair:5   | Reached skill level 10 in Throwing
 23979 | Lair:5   | Reached skill level 10 in Armour
 23979 | Lair:5   | Reached skill level 10 in Stealth
 23979 | Lair:5   | Reached skill level 10 in Shields
 23979 | Lair:5   | Reached skill level 10 in Spellcasting
 23979 | Lair:5   | Reached skill level 10 in Evocations
 24283 | Lair:5   | Reached skill level 12 in Unarmed Combat
 24380 | Lair:5   | Found a corrupted altar of Lugonu.
 24382 | Lair:5   | Found a one-way gate to the infinite horrors of the Abyss.
 24614 | Shoals:1 | Entered Level 1 of the Shoals
 27298 | Shoals:2 | HP: 7/140 [merfolk/silver boomerang (12)]
 27304 | Shoals:2 | HP: 4/140 [merfolk/+0 trident (8)]
 27305 | Shoals:2 | Demolished by a merfolk

Illustrated notes

Levels and vault maps discovered:
D:1:      dpeg_chamrin_arrival_tetris, layout_basic
D:2:      layout_basic
D:3:      layout_basic, serial_shops, shop,
          shapermc_ecumenical_altar_flowoftime, uniq_terence, uniq_grinder
D:4:      black_bear_nest_2, layout_basic, serial_shops, shop,
          nicolae_shop_hallway_stairs, mrwooster_statue_mirror
D:5:      layout_cave_pools, chequers_temple_overflow_minitemple, serial_shops,
          nicolae_square_shop
D:6:      nicolae_cairo_tiling_large, layout_loops_ring,
          minmay_temple_entry_slanted, uniq_duvessa, uniq_menkaure
D:7:      layout_cave_pods, uniq_prince_ribbit1, uniq_maggie
D:8:      layout_basic, elyvilon_altar_1, lair_entry_dummy,
          lightli_church_of_beogh
D:9:      layout_roguey, uniq_erica
D:10:     layout_cave_pools, eino_tiny_chamber, uniq_grum
D:11:     layout_basic, nzn_sisyphean_effort
D:12:     layout_basic, zombieorc2_lemuel, portal_ice_cave_entry_imps,
          nicolae_rejected_hall
Temple:   sentei_temple_godly_chess
Lair:1:   layout_gridlike, grunt_megastairs_4, infiniplex_staircase_pool_2
Lair:2:   layout_cave_pods, nicolae_shoals_entry_flooding, serial_bayou_shore_b,
          uniq_sonja
Lair:3:   layout_hall_layers, dummy_snake_entry, serial_bayou_shore_b,
          grunt_megastairs_1
Lair:4:   layout_small_grid, slime_entry_1
Lair:5:   hellmonk_lair_end_abyssal_woods, layout_gridlike,
          grunt_forest_large_clearings
Shoals:1: layout_shoals, nicolae_shoals_spring_well_temple
Shoals:2: layout_shoals, nicolae_shoals_mertower, uniq_polyphemus
Orc:1:    layout_caves, basic_altar, kennysheep_orc_sif_temple, uniq_jorgrun,
          uniq_maurice
Orc:2:    st_orc_elflike, layout_caves, serial_shops, shop

Skill      XL: |  1  2  3  4  5  6  7  8  9 10 11 12 13 14 15 |
---------------+----------------------------------------------+-----
Invocations    | 1 2 3 4 5 6 7 8 9 10 11 | 11.3
Short Blades   | 1 2 3 4 5 7 8 9 10 | 10.4
Long Blades    | 1 2 3 4 5 7 8 9 10 | 10.4
Axes           | 1 2 3 4 5 7 8 9 10 | 10.4
Maces & Flails | 1 2 3 4 5 7 8 9 10 | 10.4
Polearms       | 1 2 3 4 5 7 8 9 10 | 10.4
Staves         | 1 2 3 4 5 7 8 9 10 | 10.4
Ranged Weapons | 1 2 3 4 5 7 8 9 10 | 10.4
Throwing       | 1 2 3 4 5 7 8 9 10 | 10.4
Armour         | 1 2 3 4 5 7 8 9 10 | 10.4
Stealth        | 1 2 3 4 5 7 8 9 10 | 10.4
Shields        | 1 2 3 4 5 7 8 9 10 | 10.4
Spellcasting   | 1 2 3 4 5 7 8 9 10 | 10.4
Evocations     | 1 2 3 4 5 7 8 9 10 | 10.4
Conjurations   | 1 2 3 4 5 6 7 8 |  8.7
Hexes          | 1 2 3 4 5 6 7 8 |  8.7
Summonings     | 1 2 3 4 5 6 7 8 |  8.7
Necromancy     | 1 2 3 4 5 6 7 8 |  8.7
Translocations | 1 2 3 4 5 6 7 8 |  8.7
Transmutations | 1 2 3 4 5 6 7 8 |  8.7
Fire Magic     | 1 2 3 4 5 6 7 8 |  8.7
Ice Magic      | 1 2 3 4 5 6 7 8 |  8.7
Air Magic      | 1 2 3 4 5 6 7 8 |  8.7
Earth Magic    | 1 2 3 4 5 6 7 8 |  8.7
Poison Magic   | 1 2 3 4 5 6 7 8 |  8.7
Fighting       | 3 4 5 6 7 8 9 10 | 10.7
Dodging        | 5 6 7 8 9 10 11 | 11.3
Unarmed Combat | 7 8 9 10 11 12 | 12.2
Shapeshifting  | 7 8 9 10 | 10.9

Action                     |  1- 3 |  4- 6 |  7- 9 | 10-12 | 13-15 || total
---------------------------+-------+-------+-------+-------+-------++-------
  Melee: Unarmed           |    74 |   109 |   222 |    88 |    25 ||   518
         Bite              |     6 |     7 |    27 |    52 |   135 ||   227
         Punch             |       |     4 |     9 |    38 |   100 ||   151
         Scimitar          |       |       |       |   283 |   977 ||  1260
         Constrict         |       |       |       |       |     8 ||     8
  Throw: Dart              |       |       |       |       |     2 ||     2
         Throwing net      |       |       |       |       |     1 ||     1
 Invoke: Curse Item        |       |       |     1 |     1 |     1 ||     3
Ability: Begin Untransform |       |       |       |       |     1 ||     1
  Evoke: Wand              |       |       |     4 |     9 |    47 ||    60
    Use: Potion            |       |     1 |     3 |     3 |     8 ||    15
         Scroll            |       |       |       |     8 |    16 ||    24
   Stab: Sleeping          |       |       |     3 |     5 |    15 ||    23
         Paralysed         |       |       |     3 |    18 |    14 ||    35
         Distracted        |       |       |     1 |       |     4 ||     5
         Invisible         |       |       |       |       |     1 ||     1
 Armour: Ring mail         |    34 |    31 |    58 |    51 |       ||   174
         Skin              |       |     2 |     6 |       |    13 ||    21
         Scale mail        |       |       |       |    61 |   232 ||   293
  Dodge: Dodged            |    45 |    47 |   103 |   206 |   572 ||   973
  Block: Other             |     7 |    24 |    44 |    80 |   208 ||   363
         Reflection        |       |     1 |       |     1 |    10 ||    12
   Form: Anaconda          |       |       |       |       |     1 ||     1

Table legend: (Time is in decaauts)
 A = Elapsed time spent in this place.
 B = Non-inter-level travel time spent in this place.
 C = Inter-level travel time spent in this place.
 D = Time resting spent in this place.
 E = Time spent auto-exploring this place.
 F = Levels seen in this place.
 G = Mean time per level.
                   A        B        C        D        E       F      G
               +--------+--------+--------+--------+--------+-----+--------+
         Total |  27278 |  26073 |   1205 |   8457 |  11130 |  23 | 1186.0 |
       Dungeon |  11751 |  11112 |    639 |   2341 |   5991 |  12 |  979.2 |
        Temple |     14 |      9 |      5 |      0 |      0 |   1 |   14.0 |
          Lair |   9509 |   9049 |    460 |   3345 |   3689 |   5 | 1901.8 |
        Shoals |   2657 |   2607 |     50 |   1257 |    705 |   2 | 1328.5 |
  Orcish Mines |   3124 |   3075 |     49 |   1351 |    744 |   2 | 1562.0 |
      Ice Cave |    219 |    219 |      0 |    163 |      0 |   1 |  219.0 |
               +--------+--------+--------+--------+--------+-----+--------+

Top non-repeatable levels by time:
  Lair:5: 2352 daAuts
  Lair:1: 2249 daAuts
  Lair:2: 2018 daAuts
    D:12: 1948 daAuts
   Orc:2: 1884 daAuts
Shoals:1: 1720 daAuts
  Lair:3: 1589 daAuts
    D:11: 1401 daAuts
  Lair:4: 1300 daAuts
     D:7: 1290 daAuts
   Orc:1: 1239 daAuts
     D:8: 1100 daAuts
Shoals:2: 937 daAuts
     D:4: 879 daAuts
     D:5: 855 daAuts
